 Dungeon Crawl Stone Soup version 0.23.2-1-ga50397a (console) character file.

Game seed: 10539049240873286727

96697 fly the Carver (level 15, 0/105 HPs)
             Began as a Demonspawn Gladiator on Apr 19, 2019.
             Was the Champion of Okawaru.
             Succumbed to a death drake's dark miasma
             ... on level 3 of the Swamp.
             The game lasted 01:30:48 (27218 turns).

fly the Carver (Demonspawn Gladiator)              Turns: 27218, Time: 01:30:48

Health: 0/105      AC: 23    Str: 21    XL:     15   Next: 69%
Magic:  2/24       EV:  9    Int: 15    God:    Okawaru [******]
Gold:   1377       SH: 31    Dex: 16    Spells: 12/14 levels left

rFire    . . .     SeeInvis +   a - +3 scimitar (flame)
rCold    + + .     Gourm    .   v - +18 shield of the Gong {rElec rN+ MR+ EV-5}
rNeg     + . .     Faith    .   Y - +4 chain mail of New Discoveries {rPois}
rPois    +         Spirit   +   e - +2 hat
rElec    +         Reflect  .   q - +1 cloak
rCorr    .         Harm     .   r - +0 pair of gloves "Zask" {*Drain rC++ MR++ Str+4} (curse)
MR       ++++.                  o - +0 pair of boots
Stlth    ..........             A - amulet of rage
HPRegen  0.27/turn              S - ring of see invisible
MPRegen  0.19/turn              i - +3 ring of strength

@: lethally poisoned (0 -> -23), about to teleport, slowed, lightly drained,
very slow
A: horns 2, molten scales 2, nightstalker 2, magic shield
a: Heroism, Finesse, Renounce Religion, Evoke Berserk Rage


You were on level 3 of the Swamp.
You worshipped Okawaru.
Okawaru was exalted by your worship.
You were near starving.

You visited 5 branches of the dungeon, and saw 23 of its levels.

You collected 2306 gold pieces.
You spent 929 gold pieces at shops.

Inventory:

Hand Weapons
 a - a +3 scimitar of flaming (weapon)
 b - a +4 double sword of draining
 m - a +3 great sword of electrocution
 p - the +7 mace of Variability {chain chaos}
   (You found it on level 2 of the Swamp)

   Each time it hits an enemy it has a different, random effect.
 w - a +0 blowgun
Missiles
 d - 22 curare-tipped needles
 P - 2 throwing nets (quivered)
Armour
 e - a +2 hat (worn)
 o - a +0 pair of boots (worn)
 q - a +1 cloak (worn)
 r - the cursed +0 pair of gloves "Zask" (worn) {*Drain rC++ MR++ Str+4}
   (You bought it in a shop on level 2 of the Orcish Mines)

   It affects your strength (+4).
   It greatly protects you from cold.
   It affects your resistance to hostile enchantments.
   It causes draining when unequipped.
   It has a curse placed upon it.
 t - the +2 pair of gloves of Quantum Leap {MR++ Int-5, unknown}
   (You found it on level 3 of the Swamp)

   It affects your intelligence (-5).
   It affects your resistance to hostile enchantments.
 v - the +18 shield of the Gong (worn) {rElec rN+ MR+ EV-5}
   (You found it on level 4 of the Dungeon)

   It affects your evasion (-5).
   It insulates you from electricity.
   It protects you from negative energy.
   It affects your resistance to hostile enchantments.
 y - the +5 plate armour of the Pink Corner {+Inv rF+ rC- SInv}
   (Okawaru gifted it to you on level 4 of the Lair of Beasts)

   It protects you from fire.
   It makes you vulnerable to cold.
   It lets you see invisible.
   It lets you turn invisible.
 B - a scarf of resistance
 Y - the +4 chain mail of New Discoveries (worn) {rPois}
   (You found it on level 9 of the Dungeon)

   It protects you from poison.
Magical Staves
 J - an uncursed staff of death {unknown}
Jewellery
 i - a +3 ring of strength (right hand)
 A - an amulet of rage (around neck)
 S - a ring of see invisible (left hand)
Wands
 g - a wand of acid (7)
 H - a wand of paralysis (5)
 I - a wand of flame (32)
Scrolls
 c - 2 scrolls of blinking
 x - a scroll of remove curse
 z - 6 scrolls of teleportation
 E - 2 scrolls of fear
 L - 3 scrolls of fog
Potions
 h - 5 potions of flight
 j - a potion of invisibility
 k - 8 potions of haste
 l - 2 potions of ambrosia
 n - 9 potions of lignification
 s - 9 potions of curing
 u - a potion of berserk rage {unknown}
 D - 8 potions of degeneration
 F - 5 potions of agility
 G - 6 potions of heal wounds
 O - a potion of might {unknown}
Miscellaneous
 C - a fan of gales
 R - a sack of spiders
Comestibles
 f - 30 rations


   Skills:
 - Level 6.0(5.7) Fighting
 + Level 14.0(13.6) Long Blades
 - Level 1.7(1.5) Throwing
 - Level 6.0(5.7) Armour
 - Level 12.0(11.6) Dodging
 - Level 12.0(11.6) Shields
 - Level 4.0(3.7) Invocations
 - Level 13.0(12.6) Evocations


You had 12 spell levels left.
You knew the following spells:

 Your Spells              Type           Power        Failure   Level  Hunger
a - Blink                 Tloc           N/A          99%         2    ###....

Your spell library contained the following spells:

 Spells                   Type           Power        Failure   Level  Hunger
 Beastly Appendage        Tmut           #.....       98%         1    ##.....
 Magic Dart               Conj           #...         98%         1    ##.....
 Shock                    Conj/Air       #...         98%         1    ##.....
 Call Imp                 Summ           #.......     99%         2    ###....
 Slow                     Hex            #.......     99%         2    ###....
 Sticks to Snakes         Tmut           #.......     99%         2    ###....
 Swiftness                Chrm/Air       #.......     99%         2    ###....
 Conjure Flame            Conj/Fire      #.......     100%        3    ####...
 Mephitic Cloud           Conj/Pois/Air  #.......     100%        3    ####...
 Spider Form              Tmut/Pois      #.........   100%        3    ####...
 Static Discharge         Conj/Air       #.......     100%        3    ####...
 Airstrike                Air            #.........   100%        4    #####..
 Ice Form                 Ice/Tmut       #.......     100%        4    #####..
 Blade Hands              Tmut           #.........   100%        5    ######.
 Lightning Bolt           Conj/Air       #.........   100%        5    ######.
 Haunt                    Necr/Summ      #.........   100%        7    #######
 Borgnjor's Revivificati  Necr           #.........   100%        8    #######
 Death's Door             Chrm/Necr      #.........   100%        8    #######
 Infestation              Necr           #.........   100%        8    #######
 Necromutation            Tmut/Necr      #.........   100%        8    #######


Dungeon Overview and Level Annotations

Branches:
Dungeon (11/15)            Temple (1/1) D:7            Lair (6/6) D:9
  Swamp (3/4) Lair:4        Snake (0/4) Lair:3        Slime (0/5) Lair:6
    Orc (2/2) D:11            Elf (0/3) Orc:2

Altars:
Ashenzari
Cheibriados
Dithmenos
Elyvilon
Fedhas
Gozag
Hepliaklqana
Kikubaaqudgha
Makhleb
Nemelex Xobeh
Okawaru
Qazlal
Ru
Sif Muna
Trog
Uskayaw
Vehumet
Wu Jian
Xom
Yredelemnul
Zin
The Shining One
Lugonu

Shops:
D:4 :   D:9 (   D:11 (   Orc:2 !*}*[

Annotations:
Swamp:1 2 transporters


Innate Abilities, Weirdness & Mutations

You have a pair of horns on your head.
You are mostly covered in molten scales. (AC +3)
You are significantly more attuned to the shadows.
When hurt, damage is shared between your health and your magic reserves.


Message History

The spectral six-headed hydra bites you but does no damage. x5
Unknown command.
Unknown command.
You slash the spectral six-headed hydra!
You burn the spectral six-headed hydra.
You destroy the spectral six-headed hydra!
Okawaru accepts your kill.
Your base Long Blades skill increases to level 14!
You are engulfed in dark miasma.
You are lethally poisoned!
You feel your flesh rotting away!
* * * LOW HITPOINT WARNING * * *
You feel sick. You block the death drake's attack.
BOUMMMMG!
The death drake bites you.
* * * LOW HITPOINT WARNING * * *
You feel better.
You are engulfed in dark miasma.
You are lethally poisoned!
* * * LOW HITPOINT WARNING * * *
You die...

♣♣##♣°ZW°♣.≈......≈≈.^.≈≈
#≈♣°°W♣♣.≈....≈....≈.≈≈
##♣♣...♣♣♣≈≈≈≈..≈.♣≈.≈§≈.
♣≈≈♣.⌠.♣ ♣..≈≈.≈≈.≈≈.≈≈≈.
♣≈≈≈..♣♣ ..≈≈♣..≈.≈.≈≈≈≈.
#≈≈♣♣≈W)♣
≈≈≈≈≈...≈≈≈≈≈≈≈.
####≈≈°°♣
..≈≈...≈≈≈≈.≈^≈≈
#≈≈≈≈ZW♣♣♣.≈≈.≈..≈≈..♣♣♣♣
#'#≈#.°°@♣.≈♣.≈≈≈≈..♣
≈≈≈≈≈°°k°♣ ≈≈≈≈≈..#♣♣
#≈#'#'## #≈#≈# ###


You could see a death drake, a wraith and a swamp worm zombie.

Vanquished Creatures
  Gastronok (Lair:3)
  An orc warlord (Orc:1)
  Snorg (Lair:3)
  The ghost of esteth the Cleaver, a journeyman MiFi of Qazlal (D:11)
  Fannar (D:10)
  Harold (Orc:1)
  9 hydras
  A ghost crab (Swamp:2)
  2 catoblepae
  12 alligators
  A centaur warrior (Orc:1)
  Erica (D:8)
  5 death yaks (Lair:6)
  A shambling mangrove (Swamp:3)
  4 two-headed ogres
  A deep troll shaman (Lair:6)
  Urug (Lair:2)
  Nergalle (Lair:3)
  2 swamp dragons (Swamp:2)
  3 spectral hydras (Swamp:3)
  A spriggan druid (Swamp:2)
  A phantasmal warrior (Swamp:3)
  A lindwurm (Lair:6)
  Pikel (D:5)
  5 orc knights
  6 ugly things
  2 large abominations (Swamp:3)
  A spectral centaur (D:11)
  The ghost of Aske the Ducker, a novice GrGl of Ashenzari (D:6)
  13 elephants
  6 black mambas
  A torpor snail (Lair:4)
  Psyche (D:8)
  18 spiny frogs
  A gargoyle (D:8)
  3 swamp worm zombies (Swamp:3)
  A komodo dragon (Lair:4)
  A yaktaur (D:11)
  5 trolls
  3 polar bears
  5 hornets
  5 tyrant leeches
  Grinder (D:5)
  4 hippogriffs
  9 blink frogs
  14 bog bodies
  3 alligator zombies (Swamp:3)
  10 slime creatures
  3 spectral swamp dragons (Swamp:3)
  9 dream sheep
  Sigmund (D:2)
  5 spriggans
  A wyvern (Lair:5)
  A wraith (D:11)
  2 tyrant leech zombies (Swamp:3)
  A fire elemental (Lair:4)
  35 yaks
  A basilisk (D:11)
  6 vampire mosquitoes
  2 steam dragons
  2 hungry ghosts
  6 insubstantial wisps
  5 wargs
  A soldier ant (D:8)
  3 spiny frog zombies (Swamp:3)
  16 swamp worms
  11 water moccasins
  Duvessa (D:4)
  41 orc warriors
  9 porcupines
  2 black bears
  3 sky beasts
  8 ogres
  6 swamp drakes
  An ice beast (D:11)
  An eye of draining (D:10)
  15 centaurs
  2 phantoms
  19 wolves
  11 crocodiles
  4 big kobolds
  16 bullfrogs
  3 wyvern zombies
  Dowan (D:4)
  6 scorpions
  5 spriggan zombies (Swamp:3)
  9 killer bees
  4 wights
  3 howler monkeys
  An electric eel (Lair:4)
  7 crimson imps
  3 centaur zombies
  3 jellies
  3 bullfrog zombies
  6 hounds
  3 centaur skeletons
  16 orc priests
  Terence (D:2)
  An iguana (D:6)
  20 orc wizards
  9 worker ants
  A centaur simulacrum (D:11)
  2 hound zombies (D:11)
  A hound skeleton (D:11)
  A howler monkey zombie (D:11)
  A worker ant zombie (D:9)
  3 gnolls
  17 adders
  4 shadow imps
  3 oozes
  3 adder skeletons
  A worm (D:2)
  11 leopard geckos
  89 orcs
  8 bats
  2 giant cockroaches
  5 goblins
  7 hobgoblins
  3 jackals
  2 quokkas
  5 ball pythons
  7 frilled lizards
  A giant cockroach zombie (D:6)
  2 gnoll zombies (D:5)
  26 kobolds
  A leopard gecko zombie (D:8)
  A quokka skeleton (D:6)
  6 rats
740 creatures vanquished.

Vanquished Creatures (collateral kills)
  A necromancer (Swamp:3)
1 creature vanquished.

Vanquished Creatures (others)
  3 ugly things (Swamp:3)
  5 dream sheep (D:9)
  A slave (D:5)
  A bullfrog (D:5)
  A hound (D:5)
  2 hound zombies
  An adder (D:11)
  3 orcs
  15 fungi
  32 plants
  6 withered plants
70 creatures vanquished.

Grand Total: 811 creatures vanquished

Notes
Turn   | Place    | Note
-------+----------+-------------------------------------------
     0 | D:1      | fly the Demonspawn Gladiator began the quest for the Orb.
     0 | D:1      | Reached XP level 1. HP: 16/16 MP: 1/1
   249 | D:1      | Reached skill level 3 in Long Blades
   251 | D:1      | Gained mutation: You are partially covered in molten
                  | scales. (AC +2) [demonic ancestry]
   251 | D:1      | Reached XP level 2. HP: 14/22 MP: 2/2
   274 | D:1      | HP: 1/22 [bat (1)]
  1028 | D:2      | Gained mutation: When hurt, damage is shared between your
                  | health and your magic reserves. [demonic ancestry]
  1028 | D:2      | Reached XP level 3. HP: 27/27 MP: 3/3
  1064 | D:2      | Found an ancient bone altar of Kikubaaqudgha.
  1064 | D:2      | Found an iron altar of Okawaru.
  1064 | D:2      | Found a bloodstained altar of Trog.
  1065 | D:2      | Found a burning altar of Makhleb.
  1066 | D:2      | Found a deep blue altar of Sif Muna.
  1066 | D:2      | Found an opulent altar of Gozag.
  1067 | D:2      | Found a glowing silver altar of Zin.
  1093 | D:2      | Became a worshipper of Warmaster Okawaru
  1367 | D:2      | Noticed Terence
  1379 | D:2      | Killed Terence
  1379 | D:2      | Reached XP level 4. HP: 22/33 MP: 4/4
  1656 | D:2      | Noticed Sigmund
  1746 | D:2      | Killed Sigmund
  1746 | D:2      | Reached * piety under Okawaru
  1746 | D:2      | Reached skill level 4 in Long Blades
  1746 | D:2      | Reached XP level 5. HP: 32/38 MP: 5/5
  2273 | D:3      | Reached XP level 6. HP: 16/44 MP: 2/6
  2821 | D:3      | Reached skill level 5 in Long Blades
  2821 | D:3      | Reached skill level 5 in Dodging
  3098 | D:3      | Found an ornate altar of the Wu Jian Council.
  3388 | D:4      | Found the +18 shield of the Gong {rElec rN+ MR+ EV-5}
  3404 | D:4      | Noticed Dowan
  3404 | D:4      | Noticed Duvessa
  3430 | D:4      | Killed Dowan
  3452 | D:4      | Reached ** piety under Okawaru
  3499 | D:4      | Killed Duvessa
  3499 | D:4      | Gained mutation: You are slightly more attuned to the
                  | shadows. [demonic ancestry]
  3499 | D:4      | Reached XP level 7. HP: 29/50 MP: 4/7
  3694 | D:4      | Found Wemaotud's Book Shop.
  3728 | D:4      | Got a flickering garnet amulet
  3818 | D:4      | Identified the amulet "Sisoh" {Reflect -Tele +Inv Int+8
                  | Dex-4 SH+3} (You found it on level 4 of the Dungeon)
  4098 | D:4      | Found a shadowy altar of Dithmenos.
  4466 | D:5      | Entered Level 5 of the Dungeon
  4532 | D:5      | Noticed Grinder
  4558 | D:5      | Reached *** piety under Okawaru
  4566 | D:5      | Noticed Pikel
  4566 | D:5      | Reached XP level 8. HP: 15/56 MP: 3/8
  4577 | D:5      | Killed Grinder
  4577 | D:5      | Reached skill level 6 in Long Blades
  4602 | D:5      | Killed Pikel
  4602 | D:5      | Reached **** piety under Okawaru
  5156 | D:5      | Found a basalt altar of Yredelemnul.
  5340 | D:5      | Found a snail-covered altar of Cheibriados.
  5509 | D:6      | Reached skill level 1 in Evocations
  5688 | D:5      | Gained mutation: You are significantly more attuned to the
                  | shadows. [demonic ancestry]
  5688 | D:5      | Reached XP level 9. HP: 33/63 MP: 10/10
  6054 | D:6      | Found a sparkling altar of Nemelex Xobeh.
  6072 | D:6      | Found a runed translucent door.
  6074 | D:6      | Noticed Aske's ghost (novice GrGl)
  6085 | D:6      | Killed Aske's ghost
  6558 | D:7      | Reached skill level 1 in Armour
  6574 | D:7      | Reached ***** piety under Okawaru
  6641 | D:7      | Received a gift from Okawaru
  6671 | D:7      | Reached skill level 5 in Armour
  6692 | D:7      | Gained mutation: You are mostly covered in molten scales.
                  | (AC +3) [demonic ancestry]
  6692 | D:7      | Reached XP level 10. HP: 20/70 MP: 9/14
  7134 | D:7      | Found a staircase to the Ecumenical Temple.
  7143 | Temple   | Entered the Ecumenical Temple
  7582 | D:7      | Found a blossoming altar of Fedhas.
  7619 | D:7      | Got a pitted long sword
  7648 | D:8      | Identified the +1 long sword "Qahega" {speed, rPois Str-4
                  | Dex+4} (You found it on level 7 of the Dungeon)
  7657 | D:8      | Noticed Erica
  7673 | D:8      | Killed Erica
  7674 | D:8      | Noticed Psyche
  7685 | D:8      | Killed Psyche
  7706 | D:8      | Noticed a gargoyle
  8124 | D:8      | Killed a gargoyle
  8170 | D:8      | Reached skill level 7 in Long Blades
  8281 | D:8      | Got a faintly glowing quarterstaff
  8304 | D:8      | Found a sacrificial altar of Ru.
  8862 | D:9      | Received a gift from Okawaru
  8901 | D:9      | Found a glowing golden altar of the Shining One.
  9137 | D:9      | Got a smoking chain mail
  9148 | D:9      | Identified the +4 chain mail of New Discoveries {rPois}
                  | (You found it on level 9 of the Dungeon)
  9189 | D:9      | Found a staircase to the Lair.
  9361 | D:9      | Found Duxene Nimu's Weapon Shoppe.
  9571 | D:9      | Found a shimmering altar of Xom.
  9664 | Lair:1   | Entered Level 1 of the Lair of Beasts
  9679 | Lair:1   | Gained mutation: You have a pair of small horns on your
                  | head. [demonic ancestry]
  9679 | Lair:1   | Reached XP level 11. HP: 74/75 MP: 15/15
  9734 | Lair:1   | Reached skill level 8 in Long Blades
 11087 | Lair:2   | Reached skill level 9 in Long Blades
 11134 | Lair:2   | Identified the +3 quarterstaff of Innocence {distort, rC+
                  | MR+} (You found it on level 8 of the Dungeon)
 11341 | Lair:2   | Paralysed by fainting for 5 turns
 12277 | Lair:3   | Noticed Gastronok
 12390 | Lair:2   | Received a gift from Okawaru
 12392 | Lair:2   | Reached XP level 12. HP: 46/81 MP: 15/16
 12830 | Lair:3   | Noticed Urug
 12883 | Lair:2   | Killed Urug
 12905 | Lair:3   | Killed Gastronok
 12905 | Lair:3   | Reached ****** piety under Okawaru
 12905 | Lair:3   | Received a gift from Okawaru
 12905 | Lair:3   | Reached skill level 5 in Fighting
 12975 | Lair:3   | Noticed Nergalle
 12999 | Lair:3   | Killed Nergalle
 12999 | Lair:3   | Reached skill level 10 in Shields
 13045 | Lair:3   | Reached skill level 10 in Dodging
 13049 | Lair:3   | Reached skill level 10 in Long Blades
 13050 | Lair:3   | Noticed a catoblepas
 13069 | Lair:3   | Received a gift from Okawaru
 13233 | Lair:3   | Found a staircase to the Snake Pit.
 13418 | Lair:3   | Noticed Snorg
 13462 | Lair:3   | Killed Snorg
 13467 | Lair:3   | Killed a catoblepas
 14103 | Lair:4   | Noticed a six-headed hydra
 14247 | D:10     | Entered Level 10 of the Dungeon
 14342 | D:10     | Noticed Fannar
 14359 | D:10     | Killed Fannar
 14592 | D:10     | Reached skill level 11 in Long Blades
 14940 | Lair:3   | Reached XP level 13. HP: 87/91 MP: 17/17
 15043 | Lair:4   | Received a gift from Okawaru
 15047 | Lair:4   | Got a smoking plate armour {god gift}
 15081 | Lair:3   | Identified the +5 plate armour of the Pink Corner {+Inv rF+
                  | rC- SInv} (Okawaru gifted it to you on level 4 of the Lair
                  | of Beasts)
 15460 | Lair:4   | Found a staircase to the Swamp.
 16356 | Lair:5   | Got a shimmering robe
 17005 | Lair:6   | Entered Level 6 of the Lair of Beasts
 17011 | Lair:6   | Found a staircase to the Slime Pits.
 17166 | Lair:6   | Found a blossoming altar of Fedhas.
 17223 | Lair:6   | Reached skill level 12 in Long Blades
 17390 | Lair:6   | Reached skill level 1 in Invocations
 17919 | Lair:6   | Received a gift from Okawaru
 18081 | Lair:6   | Received a gift from Okawaru
 18161 | Lair:6   | Reached XP level 14. HP: 100/100 MP: 18/18
 18483 | Lair:2   | Identified the cursed +0 robe "Covvoidu" {rF+ Regen+ Dex-5
                  | SInv} (You found it on level 5 of the Lair of Beasts)
 19043 | D:11     | Found Ixixa's Weapon Shoppe.
 19043 | D:11     | Found a staircase to the Orcish Mines.
 19185 | D:11     | Found a runed translucent gate.
 19185 | D:11     | Found a runed translucent gate.
 19186 | D:11     | Found a runed translucent gate.
 19186 | D:11     | Noticed esteth's ghost (journeyman MiFi)
 19227 | D:11     | Killed esteth's ghost
 19410 | D:11     | Learned a level 2 spell: Blink
 19830 | Orc:1    | Entered Level 1 of the Orcish Mines
 19830 | Orc:1    | Noticed Harold
 19841 | Orc:1    | Killed Harold
 20387 | Orc:2    | Entered Level 2 of the Orcish Mines
 20519 | Orc:2    | Found Varioc's Distillery.
 20768 | Orc:2    | Received a gift from Okawaru
 20769 | Orc:2    | Got a brightly glowing long sword {god gift}
 21174 | Orc:2    | Reached skill level 10 in Evocations
 21277 | Orc:2    | Noticed an orc warlord
 21314 | Orc:1    | Killed an orc warlord
 21765 | Orc:2    | Found a staircase to the Elven Halls.
 21766 | Orc:2    | Bought a potion of flight for 45 gold pieces
 21766 | Orc:2    | Bought a potion of mutation for 120 gold pieces
 21766 | Orc:2    | Bought a potion of curing for 45 gold pieces
 21766 | Orc:2    | Bought a potion of lignification for 45 gold pieces
 21766 | Orc:2    | Bought a potion of heal wounds for 75 gold pieces
 21766 | Orc:2    | Bought a potion of curing for 45 gold pieces
 21766 | Orc:2    | Bought a potion of heal wounds for 75 gold pieces
 21766 | Orc:2    | Bought a potion of cancellation for 120 gold pieces
 21908 | Orc:2    | Found Ruwopec's Gadget Shoppe.
 21908 | Orc:2    | Found Xuepruenk's General Store.
 21908 | Orc:2    | Found Wiom's Armour Shop.
 21910 | Orc:2    | Found Jodeupsa's Assorted Antiques.
 21915 | Orc:2    | Bought a scroll of identify for 32 gold pieces
 21915 | Orc:2    | Bought a potion of magic for 128 gold pieces
 21922 | Orc:2    | Bought a pair of ichor-stained gloves for 199 gold pieces
 22037 | Orc:2    | Identified the cursed +0 pair of gloves "Zask" {*Drain rC++
                  | MR++ Str+4} (You bought it in a shop on level 2 of the
                  | Orcish Mines)
 22037 | Orc:2    | Identified a scroll of acquirement
 22408 | Swamp:1  | Entered Level 1 of the Swamp
 22446 | Lair:4   | Received a gift from Okawaru
 22447 | Lair:4   | Got a smoking ring mail {god gift}
 22458 | Lair:4   | Identified the +4 ring mail "Aplur" {Str+4} (Okawaru gifted
                  | it to you on level 4 of the Lair of Beasts)
 23273 | Swamp:1  | Found a snail-covered altar of Cheibriados.
 23316 | Swamp:1  | Found a transporter.
 23779 | Swamp:1  | You fall through a shaft!
 23792 | Swamp:2  | Gained mutation: You have a pair of horns on your head.
                  | [demonic ancestry]
 23792 | Swamp:2  | Reached XP level 15. HP: 104/105 MP: 24/24
 24319 | Swamp:2  | Found the +7 mace of Variability {chain chaos}
 24761 | Swamp:1  | Found a transporter.
 25503 | Swamp:3  | Got a pair of polished gloves
 25581 | Swamp:2  | Received a gift from Okawaru
 26259 | Swamp:3  | Reached skill level 13 in Long Blades
 26439 | Swamp:3  | Received a gift from Okawaru
 27217 | Swamp:3  | Reached skill level 14 in Long Blades
 27217 | Swamp:3  | HP: 5/101 [death drake (3)]
 27218 | Swamp:3  | Succumbed to a death drake's dark miasma

Skill      XL: |  1  2  3  4  5  6  7  8  9 10 11 12 13 14 15 |
---------------+----------------------------------------------+-----
Long Blades    | 3 4 5 6 7 9 11 12 14 | 14.0
Dodging        | 3 4 5 6 7 9 11 12 | 12.0
Shields        | 2 4 6 8 9 10 11 12 | 12.0
Evocations     | 2 6 12 13 | 13.0
Fighting       | 3 5 6 |  6.0
Armour         | 5 6 |  6.0
Invocations    | 4 |  4.0
Throwing       | |  1.7

Action                   |  1- 3 |  4- 6 |  7- 9 | 10-12 | 13-15 || total
-------------------------+-------+-------+-------+-------+-------++-------
Melee: Long sword        |    96 |   202 |   253 |    67 |       ||   618
       Scimitar          |       |       |   176 |   887 |  1827 ||  2890
       Headbutt          |       |       |       |   141 |   547 ||   688
       Double sword      |       |       |       |       |    30 ||    30
Throw: Throwing net      |       |     3 |       |     1 |       ||     4
 Abil: Evoke Berserk Rag |       |       |     4 |    12 |    26 ||    42
Evoke: Wand              |       |       |    14 |     5 |     6 ||    25
       Sack of spiders   |       |       |       |       |     3 ||     3
  Use: Scroll            |       |     5 |     2 |     7 |    16 ||    30
       Potion            |       |       |       |       |     5 ||     5
 Stab: Sleeping          |       |       |       |     1 |       ||     1
       Petrified         |       |       |       |    12 |     2 ||    14
       Petrifying        |       |       |       |     1 |     1 ||     2
       Paralysed         |       |       |       |       |     2 ||     2
  Eat: Chunk             |     2 |     6 |    14 |    26 |    59 ||   107
       Ration            |       |       |       |     4 |     2 ||     6
Armor: Leather armour    |    44 |    47 |    37 |       |       ||   128
       Ring mail         |       |       |    43 |    50 |       ||    93
       Scale mail        |       |       |       |    13 |       ||    13
       Chain mail        |       |       |       |   217 |   214 ||   431
       Plate armour      |       |       |       |       |   414 ||   414
Dodge: Dodged            |    78 |   112 |    52 |   133 |   247 ||   622
Block: Shield            |       |    96 |   595 |  1538 |  2625 ||  4854
       Rpst.: Long sword |    23 |    32 |     9 |     6 |       ||    70
       Scimitar          |       |       |     9 |    38 |    39 ||    86
       Double sword      |       |       |       |       |     1 ||     1
